 Dungeon Crawl Stone Soup version 0.30.0-29-ga12c61a403 (webtiles) character file.

Game seed: 14744222475916542731

18513 H0rd4k the Slicer (level 12, -6/133 HPs)
             Began as a Human Artificer on June 20, 2023.
             Was an Initiate of Gozag.
             Mangled by a minotaur
             ... wielding the +5 battleaxe "Girion" {venom, Int+5}
              (13 damage)
             ... in a Gauntlet.
             The game lasted 00:35:38 (13936 turns).

H0rd4k the Slicer (Human Artificer)                Turns: 13936, Time: 00:35:39

Health: -6/133     AC: 16    Str: 21    XL:     12   Next: 96%
Magic:  23/23      EV: 13    Int: 14    God:    Gozag
Gold:   651        SH:  0    Dex: 26    Spells: 20/26 levels left

rFire   . . .        v - +9 long sword "Beetlebane" {holy, rC+ Int+3 Dex+3}
rCold   + + .        (no shield)
rNeg    . . .        d - +1 chain mail {rPois}
rPois   +            w - +2 helmet
rElec   +            Q - scarf {repulsion}
rCorr   .            Y - +2 pair of gloves {Dex+3}
SInv    +            l - +0 pair of boots
Will    .....        (no amulet) Stlth
                     E - ring of see invisible
HPRegen 0.42/turn    t - ring of Byjei {rElec rC+ Str+7 Int-4 Dex+6}
MPRegen 0.18/turn

%: no teleportation, repel missiles
@: berserking (expiring), very quick
A: no striking features
a: Renounce Religion, Potion Petition, Call Merchant, Bribe Branch


You were in a Gauntlet.
You worshipped Gozag.
Gozag was pleased with you.
You visited 3 branches of the dungeon, and saw 14 of its levels.
You also visited: Ossuary, Bailey and Gauntlet.

You collected 2409 gold pieces.
You spent 992 gold pieces at shops.
You paid 766 gold pieces to Gozag.

Inventory:

Hand Weapons
 r - a +5 short sword of electrocution
 s - the +2 Maxwell's thermic engine {flame, freeze, rev}
   (You took it off an orc wizard on level 7 of the Dungeon)
 v - the +9 long sword "Beetlebane" (weapon) {holy, rC+ Int+3 Dex+3}
   (You took it off a deep elf pyromancer on level 7 of the Dungeon)

   Int:       It affects your intelligence (+3).
   Dex:       It affects your dexterity (+3).
   rC:        It protects you from cold.
 X - a +4 arbalest of electrocution
Missiles
 J - 4 datura-tipped darts
 P - a curare-tipped dart
 T - 12 poisoned darts (quivered)
Armour
 c - the +2 leather armour of the Gate {+Inv Will+ Regen+ Stlth+}
   (You bought it in a shop on level 6 of the Dungeon)

   +Inv:      It lets you turn invisible.
   Regen:     It increases your rate of health regeneration.
   Will:      It increases your willpower.
   Stlth:     It makes you more stealthy.
 d - a +1 chain mail of poison resistance (worn)
 l - a +0 pair of boots (worn)
 w - a +2 helmet (worn)
 B - a +1 cloak of stealth
 Q - a scarf of repulsion (worn)
 Y - a +2 pair of gloves of dexterity (worn)
Magical Staves
 I - a staff of earth
 V - a staff of death
Jewellery
 g - a ring of willpower
 n - a ring of positive energy
 t - the ring of Byjei (right hand) {rElec rC+ Str+7 Int-4 Dex+6}
   (You took it off a kobold on level 2 of the Dungeon)

   [ring of dexterity]

   Str:       It affects your strength (+7).
   Int:       It affects your intelligence (-4).
   Dex:       It affects your dexterity (+6).
   rC:        It protects you from cold.
   rElec:     It insulates you from electricity.
 E - a ring of see invisible (left hand)
 O - an amulet of reflection
Wands
 G - a wand of roots (9)
 R - a wand of flame (19)
Scrolls
 b - a scroll of fear
 m - a scroll of blinking
 o - 5 scrolls of amnesia
 z - 3 scrolls of teleportation
 L - 2 scrolls of enchant armour
 M - 3 scrolls of fog
Potions
 a - 7 potions of brilliance {unknown}
 f - a potion of flight {unknown}
 h - 7 potions of mutation
 i - 7 potions of curing
 j - 4 potions of berserk rage
 p - 2 potions of ambrosia
 x - a potion of invisibility
 A - a potion of resistance
 C - 5 potions of magic
 D - 5 potions of might
 F - 4 potions of degeneration
 H - 2 potions of cancellation
 K - 3 potions of lignification
Miscellaneous
 U - a condenser vane (inert)
 W - a piece from Xom's chessboard (15/15)


   Skills:
 - Level 6.8 Fighting
 + Level 11.3(11.7) Short Blades
 + Level 4.8(8.7) Long Blades
 + Level 2.3 Throwing
 - Level 2.0 Armour
 - Level 6.4 Dodging
 - Level 7.3 Stealth
 * Level 7.5 Spellcasting
 + Level 4.9 Hexes
 - Level 6.5 Evocations


You had 20 spell levels left.
You knew the following spells:

 Your Spells              Type           Power      Damage    Failure   Level
a - Portal Projectile     Hex/Tloc       24%        N/A       73%         3
b - Tukima's Dance        Hex            19%        N/A       36%         3

Your spell library contained the following spells:

 Spells                   Type           Power      Damage    Failure   Level
 Ensorcelled Hibernation  Hex/Ice        24%        N/A       50%         2
 Apportation              Tloc           10%        N/A       71%         1
 Shock                    Conj/Air       20%        1d4       71%         1
 Call Canine Familiar     Summ           5%         N/A       97%         3
 Spider Form              Tmut/Pois      5%         N/A       97%         3
 Swiftness                Air            5%         N/A       97%         3
 Vhi's Electric Charge    Tloc/Air       10%        N/A       97%         3
 Anguish                  Hex/Necr       6%         N/A       98%         4
 Leda's Liquefaction      Hex/Erth       6%         N/A       98%         4
 Airstrike                Air            2%         2d(1-17)  100%        4
 Alistair's Intoxication  Tmut/Pois      3%         N/A       100%        5
 Arcjolt                  Conj/Air       2%         1d12      100%        5
 Blade Hands              Tmut           2%         N/A       100%        5
 Iskenderun's Battlesphe  Conj           5%         2d6       100%        5
 Iron Shot                Conj/Erth      2%         9d2       100%        6
 Plasma Beam              Fire/Air       2%         2x1d14    100%        6
 Haunt                    Necr/Summ      2%         N/A       100%        7
 Spellforged Servitor     Conj/Summ      2%         N/A       100%        7
 Infestation              Necr           2%         N/A       100%        8
 Animate Dead             Necr           Unusable   N/A       N/A         4

Dungeon Overview and Level Annotations

Branches:
Dungeon (11/15)            Temple (1/1) D:5            Lair (2/5) D:10
    Orc (0/2) D:11        Ossuary (visited)          Bailey (visited)
Gauntlet (1/1)
  Swamp: Lair:2-3    Shoals: Lair:2-3     Snake: Lair:2-3    Spider: Lair:2-3

Altars:
Cheibriados
Dithmenos
Fedhas
Gozag
Hepliaklqana
Kikubaaqudgha
Makhleb
Nemelex Xobeh
Okawaru
Ru
Sif Muna
Uskayaw
Vehumet
Xom
Zin
The Shining One

Shops:
D:6 [[(   D:10 [

Annotations:
D:6 exclusion: steam dragon
D:9 exclusion: downstairs
D:10 exclusion: downstairs Gauntlet 11 transporters, 2 runed translucent doors


Message History

You feel yourself moving faster!
You feel mighty!
You feel a strong urge to attack something.
You slash the minotaur!
The minotaur is lightly wounded.
You barely miss the minotaur.
The minotaur furiously retaliates!
The minotaur headbutts you.
The minotaur is lightly wounded.
The minotaur hits you with the +5 battleaxe "Girion" {venom, Int+5}!
The minotaur gores you!
You slash the minotaur!
The minotaur is moderately wounded.
The minotaur closely misses you. The minotaur barely misses you.
You slash the minotaur!
The minotaur is heavily wounded.
You closely miss the minotaur.
The minotaur is heavily wounded.
The minotaur hits you with the +5 battleaxe "Girion" {venom, Int+5}!!!
The minotaur gores you.
You barely miss the minotaur.
The minotaur is moderately wounded.
You slash the minotaur!
The minotaur is heavily wounded.
The minotaur hits you with the +5 battleaxe "Girion" {venom, Int+5}!!
* * * LOW HITPOINT WARNING * * *
The minotaur gores you!
* * * LOW HITPOINT WARNING * * *
You slash the minotaur!
The minotaur is severely wounded.
The minotaur hits you with the +5 battleaxe "Girion" {venom, Int+5}!
* * * LOW HITPOINT WARNING * * *
The minotaur misses you.
You are too berserk!
You slash the minotaur!
The minotaur is almost dead.
You barely miss the minotaur.
The minotaur furiously retaliates!
The minotaur headbutts you, but does no damage.
The minotaur is almost dead.
The minotaur hits you with the +5 battleaxe "Girion" {venom, Int+5}!
You die...
Your body crumbles into a pile of gold.

#########.8.#.©....
#y..©.!.#...#.8.##.
#.#####.#...#.©.#
#.#≈§§#.#.8.#.8.##.
.
#y#§©.#.#.∩.#.©....
'.
#y+...+.#.8.#.8.##.
#.#
#y#####.#...#.©.# ..
#yy.....#...#.8.##.#
#########.8.#.©.@H.#
...#©..8#.⌠.#.8.##.#
.8.#...©#.8.#...# ..
...#©..8#...#...# ##
#########...#≈≈≈#
#5.:©.=.#..###≈##
#.####..#.## ###
#.#...#.#.≈##
#.#.©.#.#.≈≈#


You could see a minotaur.

Vanquished Creatures
  A boulder beetle (D:11)
  2 two-headed ogres
  An oklob plant (Lair:2)
  6 cane toads
  A black mamba (Lair:2)
  2 unseen horrors
  An unseen horror (shapeshifter) (D:11)
  A kobold demonologist (D:5)
  5 komodo dragons
  2 trolls (D:7)
  8 blink frogs (Lair:2)
  A culicivora (shapeshifter) (D:10)
  A slime creature (D:7)
  2 wraiths
  2 shadows (D:9)
  12 yaks (D:9)
  4 wyverns
  3 vampire mosquitoes
  Grum (D:10)
  2 acid dragons
  6 water moccasins
  An ice beast (D:6)
  3 orc warriors
  4 black bears
  2 sky beasts (D:7)
  3 wolves (D:9)
  2 ogres (D:4)
  6 centaurs
  2 phantoms
  2 kobold brigands
  Blork the orc (D:5)
  4 gnoll sergeants
  5 bullfrogs
  5 scorpions
  2 water moccasin zombies (Ossuary)
  3 wights (D:8)
  A killer bee (D:9)
  3 howler monkeys (D:7)
  A bullfrog zombie (Ossuary)
  2 hounds
  2 jellies (D:6)
  4 orc priests
  2 centaur zombies (Ossuary)
  3 iguanas
  Ijyb (D:3)
  A scorpion zombie (Ossuary)
  13 orc wizards
  19 gnolls
  5 adders
  2 white imps
  An ufetubus (D:5)
  3 adder zombies (Ossuary)
  2 worms
  5 dart slugs
  41 orcs
  7 endoplasms
  12 giant cockroaches
  4 gnoll zombies (Ossuary)
  12 goblins
  4 hobgoblins (D:2)
  2 jackals (D:1)
  23 kobolds
  4 quokkas
  10 ball pythons
  4 frilled lizards
  A goblin zombie (Ossuary)
  3 hobgoblin zombies (Ossuary)
  5 orc zombies (Ossuary)
  6 rats
317 creatures vanquished.

Vanquished Creatures (collateral kills)
  A deep elf pyromancer (D:7)
  2 orc priests (D:11)
  An iguana (D:4)
  An orc wizard (D:5)
  A gnoll (Bailey)
  6 orcs
  An endoplasm (D:1)
  2 goblins
  2 kobolds (D:5)
  A bat (D:2)
18 creatures vanquished.

Vanquished Creatures (others)
  A kobold demonologist (D:5)
  A wyvern (D:8)
  An acid dragon (D:7)
  A water moccasin (D:10)
  A wolf (D:10)
  2 gnolls (Bailey)
  A hobgoblin (D:1)
  A kobold (D:1)
9 creatures vanquished.

Grand Total: 344 creatures vanquished

Notes
Turn   | Place    | Note
-------+----------+-------------------------------------------
     0 | D:1      | H0rd4k the Human Artificer began the quest for the Orb.
     0 | D:1      | Reached XP level 1. HP: 15/15 MP: 1/1
   131 | D:1      | Reached XP level 2. HP: 5/20 MP: 2/2
   649 | D:1      | Reached XP level 3. HP: 25/26 MP: 3/3
   659 | D:1      | Found a faded altar of an unknown god.
  1193 | D:2      | Identified the ring of Byjei {rElec rC+ Str+7 Int-4 Dex+6}
  1203 | D:2      | Reached XP level 4. HP: 32/32 MP: 4/4
  1768 | D:2      | Reached XP level 5. HP: 37/37 MP: 5/5
  2209 | D:3      | Noticed Ijyb
  2218 | D:3      | Killed Ijyb
  2219 | D:3      | Reached skill level 1 in Short Blades
  2305 | D:3      | Found a shimmering altar of Xom.
  2652 | D:4      | Noticed an ogre
  2677 | D:4      | Reached XP level 6. HP: 29/44 MP: 6/6
  2768 | D:4      | Reached skill level 2 in Short Blades
  2788 | D:4      | Noticed an ogre
  2794 | D:4      | Killed an ogre
  2801 | D:4      | Reached XP level 7. HP: 50/51 MP: 7/7
  2807 | D:4      | Reached skill level 3 in Short Blades
  2807 | D:4      | Reached skill level 5 in Evocations
  3489 | D:5      | Entered Level 5 of the Dungeon
  3512 | D:5      | Noticed a kobold demonologist
  3516 | D:5      | Noticed a kobold demonologist
  3518 | D:5      | Noticed a soul eater
  3540 | D:5      | Killed a kobold demonologist
  3541 | D:5      | Reached skill level 4 in Short Blades
  3541 | D:5      | Reached XP level 8. HP: 54/58 MP: 8/8
  3872 | D:5      | Reached skill level 1 in Spellcasting
  4166 | D:5      | Noticed Blork the orc
  4177 | D:5      | Killed Blork the orc
  4178 | D:5      | Reached skill level 5 in Short Blades
  4257 | D:5      | Found a staircase to the Ecumenical Temple.
  4285 | Temple   | Entered the Ecumenical Temple
  4341 | Temple   | Became a worshipper of Gozag Ym Sagoz the Greedy
  4388 | D:5      | Found a burning altar of Makhleb.
  4451 | D:5      | Reached XP level 9. HP: 65/65 MP: 11/11
  4847 | D:6      | Found Uskebow's Weapon Shoppe.
  5010 | D:6      | Found a snail-covered altar of Cheibriados.
  5051 | D:6      | Found Ufiqemol's Antique Armour Emporium.
  5110 | D:6      | Found Tokaosetro's Armour Boutique.
  5608 | D:7      | Found a flagged portal.
  5746 | Bailey   | Entered a bailey
  5819 | Bailey   | Reached skill level 5 in Stealth
  6329 | D:7      | Found an iron altar of Okawaru.
  6363 | D:7      | Noticed a troll
  6376 | D:7      | Noticed a komodo dragon
  6420 | D:8      | Found a sand-covered staircase.
  6447 | Ossuary  | Entered an ossuary
  6545 | Ossuary  | Reached skill level 6 in Short Blades
  6692 | Ossuary  | Noticed a silent spectre
  7104 | D:6      | Bought the +2 leather armour of the Gate {+Inv Will+ Regen+
                  | Stlth+} for 412 gold pieces
  7222 | D:6      | Bought a glowing scarf for 240 gold pieces
  7332 | D:7      | Reached XP level 10. HP: 51/73 MP: 15/15
  7493 | D:7      | Reached skill level 5 in Dodging
  7514 | D:7      | Reached skill level 7 in Short Blades
  7522 | D:7      | Reached skill level 5 in Fighting
  7532 | D:7      | Identified the +9 long sword "Beetlebane" {holy, rC+ Int+3
                  | Dex+3}
  7532 | D:7      | Noticed a deep elf pyromancer
  7545 | D:7      | Killed a deep elf pyromancer
  7761 | D:7      | Noticed a komodo dragon
  7778 | D:7      | Killed an unseen horror
  8154 | D:8      | Reached skill level 8 in Short Blades
  8563 | D:9      | Reached skill level 5 in Spellcasting
  8572 | D:9      | Reached XP level 11. HP: 59/81 MP: 18/18
  9812 | D:7      | Reached skill level 9 in Short Blades
 10029 | D:7      | Learned a level 3 spell: Portal Projectile
 10033 | D:7      | Learned a level 3 spell: Tukima's Dance
 10128 | D:10     | Entered Level 10 of the Dungeon
 10135 | D:10     | Noticed a two-headed ogre
 10183 | D:10     | Noticed Grum
 10215 | D:9      | Reached skill level 1 in Hexes
 10512 | D:10     | Found a staircase to the Lair.
 10599 | D:10     | Killed a two-headed ogre
 10961 | D:11     | Noticed a two-headed ogre
 10973 | D:11     | Killed a two-headed ogre
 10974 | D:11     | Reached skill level 10 in Short Blades
 10974 | D:11     | Reached XP level 12. HP: 65/89 MP: 21/21
 10995 | D:11     | Noticed a fire crab
 11013 | D:11     | a fire crab changed into something unseen
 11270 | D:10     | Killed Grum
 11691 | D:11     | Noticed a boulder beetle
 11711 | D:11     | Killed a boulder beetle
 11712 | D:11     | Reached skill level 1 in Long Blades
 11798 | D:11     | Reached skill level 1 in Throwing
 12051 | D:11     | Found a staircase to the Orcish Mines.
 12496 | D:10     | Bought a faintly humming chain mail for 190 gold pieces
 12496 | D:10     | Identified the +0 chain mail "Mociec" {Dex+2} (You bought
                  | it in a shop on level 10 of the Dungeon)
 12496 | D:10     | Bought a pair of glowing gloves for 150 gold pieces
 12535 | Lair:1   | Entered Level 1 of the Lair of Beasts
 12885 | Lair:1   | Noticed an eight-headed hydra
 12957 | Lair:2   | Reached skill level 11 in Short Blades
 13065 | Lair:2   | HP: 4/89 [blink frog (14)]
 13129 | Lair:2   | Noticed a four-headed hydra
 13185 | Lair:2   | Noticed a death yak
 13185 | Lair:2   | Noticed a death yak
 13185 | Lair:2   | Noticed a death yak
 13478 | Lair:2   | Found a gate leading to a gauntlet.
 13496 | Gauntlet | Entered a Gauntlet
 13496 | Gauntlet | Noticed a catoblepas
 13496 | Gauntlet | Found a transporter.
 13659 | Gauntlet | Found a transporter.
 13662 | Gauntlet | Found a transporter.
 13663 | Gauntlet | Found a transporter.
 13668 | Gauntlet | Noticed a soul eater
 13674 | Gauntlet | Found a transporter.
 13674 | Gauntlet | Found a transporter.
 13675 | Gauntlet | Found a transporter.
 13679 | Gauntlet | Found a runed translucent door.
 13683 | Gauntlet | Found a transporter.
 13686 | Gauntlet | Found a transporter.
 13687 | Gauntlet | Found a transporter.
 13689 | Gauntlet | Noticed a sixfirhy
 13693 | Gauntlet | Noticed a sixfirhy
 13693 | Gauntlet | Noticed a sixfirhy
 13693 | Gauntlet | Noticed a sixfirhy
 13695 | Gauntlet | Found a transporter.
 13698 | Gauntlet | Found a transporter.
 13699 | Gauntlet | Found a transporter.
 13707 | Gauntlet | Found a transporter.
 13747 | Gauntlet | Found a runed translucent door.
 13921 | Gauntlet | Identified the +5 battleaxe "Girion" {venom, Int+5}
 13921 | Gauntlet | Identified the ring of Putyuv {Drain rF+++ rC++ rCorr SInv}
 13921 | Gauntlet | Noticed a minotaur
 13936 | Gauntlet | Mangled by a minotaur

Illustrated notes

Levels and vault maps discovered:
D:1:      wheals_arrival_shading, layout_basic,
          dilly_ecumenical_altar_fadedgnrine, serial_park_tiny_2,
          minmay_nonomino_d4
D:2:      minmay_roachtagon, layout_loops_cross, st_stairs_8
D:3:      layout_basic, old_standard_altar, minmay_starry_boxes, uniq_ijyb
D:4:      layout_loops_ring
D:5:      layout_basic, nicolae_overflow_hidden_temple, temple_doors_e,
          uniq_blork_the_orc
D:6:      layout_gridville, mainiacjoe_overflow_surrounded_room, serial_shops,
          shop, nicolae_shop_real_fake_doors, shop, shop
D:7:      minmay_the_grid_octo_tiled_squarecenter
          [minmay_the_grid_octo_checkerflower, minmay_the_grid_octo_toaster,
          minmay_the_grid_octo_tetromino_candy, minmay_the_grid_octo_fan_narrow,
          minmay_the_grid_square_5x5_megaprize_crossed,
          minmay_the_grid_square_5x5_six,
          minmay_the_grid_square_5x5_beaten_path,
          minmay_the_grid_square_5x5_half_checkered,
          minmay_the_grid_square_5x5_fancy_junction], layout_loops_ring,
          kennysheep_okawaru_gauntlet, enter_bailey_3
D:8:      layout_rooms, nicolae_ossuary_entry_monument
D:9:      layout_stronghold, minivault_11, kennysheep_generic_room_6
D:10:     layout_cave_pools, minmay_lair_entry_grove, uniq_grum
D:11:     layout_cave_pools, minmay_orc_entry_temple_small
Temple:   mainiacjoe_temple_coin_purse
Lair:1:   layout_loops_ring, portal_ice_cave_rime
Lair:2:   layout_misc_corridors, gauntlet_entry_generic
Gauntlet: gammafunk_gauntlet_77_escape_option [minmay_gauntlet_arena_77_fan,
          minmay_gauntlet_arena_77_box, minmay_gauntlet_arena_77_shame_cube,
          minmay_gauntlet_arena_77_hold_the_fort,
          minmay_gauntlet_arena_77_terracotta_army, gauntlet_exit_watery]

Skill      XL: |  1  2  3  4  5  6  7  8  9 10 11 12 |
---------------+-------------------------------------+-----
Evocations     | 4 5 6 |  6.5
Short Blades   | 1 2 4 5 6 8 10 11 | 11.3
Dodging        | 2 3 4 5 6 |  6.4
Stealth        | 2 3 4 5 6 7 |  7.3
Fighting       | 2 3 4 5 6 |  6.8
Spellcasting   | 1 3 5 6 7 |  7.5
Hexes          | 3 4 |  4.9
Long Blades    | 4 |  4.8
Throwing       | 2 |  2.3
Armour         | |  2.0

Action                     |  1- 3 |  4- 6 |  7- 9 | 10-12 || total
---------------------------+-------+-------+-------+-------++-------
  Melee: Club              |    29 |       |       |       ||    29
         Short sword       |    38 |   124 |   306 |   635 ||  1103
         Punch             |     1 |     1 |     6 |    10 ||    18
         Long sword        |       |       |       |    69 ||    69
  Throw: Dart              |       |       |       |    16 ||    16
 Invoke: Call Merchant     |       |       |       |     1 ||     1
  Evoke: Wand              |     2 |     6 |    27 |    15 ||    50
         Piece from Xom's  |       |       |       |     3 ||     3
         Condenser vane    |       |       |       |     1 ||     1
    Use: Scroll            |       |       |    18 |    13 ||    31
         Potion            |       |       |       |    15 ||    15
   Stab: Sleeping          |     1 |     2 |    15 |     3 ||    21
         Distracted        |       |       |     3 |     6 ||     9
         Paralysed         |       |       |     1 |     7 ||     8
         Invisible         |       |       |       |     7 ||     7
 Armour: Leather armour    |    20 |    22 |    28 |    83 ||   153
         Chain mail        |       |       |    49 |    29 ||    78
  Dodge: Dodged            |    44 |    73 |   142 |   366 ||   625
         Repelled          |       |       |       |     2 ||     2
